Map: Prion Terraces

Players

ActivE

  • Race: Zerg Zerg
  • League: Master

Miszu - Winner!

  • Race: Terran Terran
  • League: Master

VOD

Have the link to the VOD?

Description

Time

  • Played on: March 15, 2016, 7 p.m.
  • Length: 8:37
Show
View Real Time Build Order
Export as new Build Order

ActivE Zerg 

Build Orders: Pool First 

Get SALT Encoding   

  12  0:01  Drone  
  13  0:12  Overlord  
  13  0:17  Drone  
  14  0:31  Drone x2  
  14  0:35  Drone  
  17  0:44  Spawning Pool  
  17  0:48  Extractor  
  17  0:49  Drone  
  16  0:56  Drone  
  17  1:18  Drone  
  17  1:20  Hatchery  
  17  1:31  Queen  
  19  1:34  Drone  
  20  1:41  Overlord  
  20  1:49  Metabolic Boost  
  20  1:58  Zergling x2  
  20  2:00  Drone  
  23  2:06  Queen  
  24  2:13  Drone  
  26  2:22  Drone  
  26  2:33  Queen  
  28  2:38  Drone x2  
  30  2:49  Drone  
  30  2:50  Queen  
  30  2:51  Overlord  
  33  2:56  Roach Warren  
  31  3:01  Drone x2  
  31  3:04  Extractor  
  31  3:08  Drone x2  
  34  3:20  Spine Crawler  
  34  3:23  Drone  
  34  3:25  Overlord  
  35  3:30  Overlord  
  35  3:32  Drone  
  36  3:36  Overlord  
  36  3:51  Roach x5  
  36  3:55  Roach x2  
  50  4:03  Roach x2  
  50  4:04  Roach  
  56  4:17  Extractor  
  56  4:23  Overlord  
  56  4:24  Drone x2  
  56  4:31  Drone  
  58  4:32  Extractor  
  58  4:34  Drone x2  
  58  4:35  Drone  
  60  4:46  Hatchery  
  60  4:51  Ravager  
  60  4:52  Ravager  
  61  4:55  Drone x2  
  63  5:01  Zergling x4  
  63  5:02  Zergling x10  
  58  5:19  Zergling x2, Drone  
  48  5:23  Spore Crawler, Drone x2  
  45  5:31  Drone x3  
  45  5:32  Drone x2  
  50  5:35  Drone  
  50  5:37  Lair  
  50  5:39  Drone  
  50  5:40  Extractor  
  50  5:42  Drone  
  51  5:49  Drone  
  52  5:52  Hatchery  
  51  6:00  Overlord  
  51  6:01  Drone x2  
  51  6:03  Drone  
  52  6:09  Drone  
  52  6:18  Spore Crawler  
  51  6:29  Drone  
  51  6:53  Spore Crawler  
  50  6:56  Drone  
  51  7:05  Drone x4  
  55  7:09  Drone  
  55  7:14  Overlord  
  52  7:30  Drone x2  
  52  7:31  Drone x2  
  52  7:32  Roach x5  
  66  7:45  Roach x3  
  66  7:46  Roach x2  
  76  7:54  Baneling Nest, Zergling x2  
  76  7:55  Zergling x8  
  76  7:56  Evolution Chamber  
  79  7:59  Overlord  
  79  8:01  Drone x3  
  79  8:03  Drone  
  84  8:05  Ravager  
  84  8:06  Ravager x4  
  84  8:08  Ravager  
  84  8:09  Drone x2  
  84  8:11  Drone x2  
  93  8:14  Drone x2  
  93  8:18  Zergling x6  
Show
View Real Time Build Order
Export as new Build Order

Miszu Terran - Winner!

Build Orders: Liberator Opening, Reaper Expand, MMM Bio 

Get SALT Encoding   

  12  0:01  SCV  
  13  0:13  SCV  
  14  0:17  Supply Depot  
  14  0:25  SCV  
  15  0:39  SCV  
  15  0:41  Barracks  
  16  0:46  Refinery  
  16  0:51  SCV  
  17  1:03  SCV  
  18  1:15  SCV  
  19  1:27  Orbital Command  
  19  1:30  Reaper  
  20  1:41  Command Center  
  20  1:49  Supply Depot  
  20  1:54  SCV  
  21  1:57  Refinery  
  21  2:02  Barracks Reactor  
  21  2:06  SCV  
  22  2:18  SCV  
  23  2:27  Factory  
  23  2:29  Bunker  
  23  2:30  SCV  
  24  2:40  Marine x2  
  24  2:42  SCV  
  27  2:54  SCV  
  27  2:56  Orbital Command  
  27  2:58  Marine x2  
  29  3:07  SCV  
  30  3:13  Factory Tech Lab  
  30  3:14  Starport  
  30  3:16  Supply Depot  
  30  3:22  Marine x2  
  30  3:24  SCV  
  30  3:26  SCV  
  33  3:33  Supply Depot, Liberator  
  33  3:36  SCV  
  33  3:40  Siege Tank  
  37  3:46  SCV  
  38  3:51  SCV  
  42  3:58  Marine x2, SCV  
  45  4:03  Supply Depot  
  45  4:09  SCV  
  46  4:10  SCV  
  46  4:12  Siege Tank  
  46  4:16  Liberator  
  50  4:21  Marine x2, SCV  
  50  4:23  SCV  
  54  4:26  Supply Depot  
  54  4:31  Command Center  
  54  4:33  SCV  
  54  4:35  SCV  
  59  4:42  Barracks  
  59  4:44  Barracks  
  59  4:45  SCV  
  60  4:47  SCV  
  60  4:48  Refinery  
  60  4:50  Refinery  
  61  4:53  Siege Tank  
  61  4:57  SCV  
  61  4:59  SCV  
  66  5:09  SCV  
  66  5:10  Marine  
  66  5:11  Engineering Bay, SCV  
  66  5:13  Engineering Bay  
  63  5:21  SCV  
  63  5:22  Bunker  
  63  5:23  SCV  
  65  5:33  SCV  
  69  5:35  Barracks Tech Lab  
  69  5:36  Barracks Tech Lab  
  69  5:38  Starport Reactor  
  66  5:43  Terran Infantry Weapons Level 1, Terran Infantry Armor Level 1  
  66  5:45  Orbital Command  
  66  5:49  SCV x2  
  68  6:01  Stimpack, SCV  
  68  6:03  Marine  
  70  6:04  Marine  
  70  6:05  Barracks  
  70  6:06  Barracks  
  70  6:07  Marine  
  72  6:17  Marine, Combat Shields  
  73  6:20  SCV x2  
  73  6:21  Marine  
  73  6:22  Marine  
  73  6:23  Supply Depot  
  73  6:24  Supply Depot  
  73  6:25  Marine  
  78  6:30  Medivac  
  78  6:32  Medivac  
  82  6:35  Marine  
  82  6:39  Marine, Siege Tank  
  87  6:40  Marine  
  87  6:43  Marine  
  86  6:48  Orbital Command  
  86  6:49  SCV x2  
  86  6:53  Marine  
  86  6:54  Barracks Reactor  
  89  6:56  Armory  
  89  6:57  Marine  
  89  6:58  Marine  
  92  7:01  SCV  
  92  7:04  Marine  
  94  7:10  Barracks Reactor, Marine  
  94  7:11  Medivac x2  
  94  7:15  Marine, SCV x2  
  101  7:16  SCV  
  101  7:20  Marine  
  101  7:22  Marine  
  106  7:27  SCV x2  
  106  7:28  Marine  
  107  7:32  Marine  
  107  7:33  Marine  
  109  7:39  Supply Depot  
  109  7:40  Supply Depot  
  109  7:42  Supply Depot x2  
  109  7:43  Supply Depot, Marine x3, SCV  
  109  7:44  Supply Depot  
  113  7:46  Marine  
  113  7:47  Marine  
  112  7:52  Medivac x2, Siege Tank  
  112  7:56  Refinery  
  112  7:57  Bunker, Marine x2  
  112  7:58  Refinery  
  121  7:59  Marine  
  121  8:01  Marine x2  
  124  8:09  Marine  
  124  8:11  Supply Depot  
  125  8:12  Supply Depot  
  125  8:14  Marine  
Tags
 
Add a new tag
Caveats
  • Supply blocks, unpowered buildings, or Contaminate may cause inaccurate times.
  • Supply counts are checked every 10 seconds.